AoeStats
← kylin

Arabian Desert

510449338Analyzed
1v1 RM · 2d ago on Oct 1, 2026· 56m 30s· 2 players
Game mode
Random Map
Map size
Tiny (2 player)
Population
200
Speed
Normal
Resources
Standard
Victory
Conquest
Starting age
Dark Age
Ending age
Imperial Age
RankedLock teamsTeams togetherTeam positionsShared explorationLock speedFull tech treeHidden civsTurbo modeCheats
Victory
Defeat
🇨🇱 Vietnamese · Chile
1294
+14
🇨🇳 Burmese · China
1254
-14
kylin
6:24 Loom
9:42 Feudal Age
10:42 Horse Collar
10:32 Man-at-Arms
12:57 Arson
13:01 Loom
15:06 Padded Archer Armor
17:47 Fletching
19:07 Scale Mail Armor
22:01 Wheelbarrow
25:21 Castle Age
24:02 Forging
24:33 Scale Barding Armor
25:12 Bloodlines
26:50 Heavy Plow
26:32 Pikeman
29:48 Chain Mail Armor
29:56 Chain Barding Armor
32:19 Iron Casting
31:53 Husbandry
32:30 Hand Cart
35:21 Gold Mining
35:09 Light Cavalry
42:34 Chain Mail Armor
45:45 Imperial Age
43:45 Town Watch
44:28 Fervor
44:38 Sanctity
45:52 Elite Battle Elephant
47:57 Plate Barding Armor
47:06 Cavalier
50:29 Block Printing
52:50 Blast Furnace
[CL]iLoveWeed
0:28 Loom
10:58 Feudal Age
11:44 Double-Bit Axe
11:55 Gold Mining
14:39 Fletching
16:20 Padded Archer Armor
20:24 Bloodlines
24:23 Castle Age
23:59 Horse Collar
25:23 Bow Saw
24:47 Crossbowman
25:30 Husbandry
26:37 Light Cavalry
27:57 Scale Barding Armor
31:26 Bodkin Arrow
31:31 Town Watch
34:03 Wheelbarrow
35:38 Chain Barding Armor
35:29 Forging
35:47 Bow Saw
37:06 Hand Cart
37:57 Iron Casting
42:02 Imperial Age
40:14 Squires
40:48 Leather Archer Armor
41:00 Elite Skirmisher
43:51 Two-Man Saw
44:48 Town Patrol
45:34 Plate Barding Armor
46:44 Devotion
48:48 Atonement
48:53 Elite Battle Elephant
51:48 Chatras
Connection lost

Rejoining the realm…

Still unreachable

The connection could not be restored.

Session expired

The server has moved on; the page needs a fresh start.